 Dungeon Crawl Stone Soup version 0.21.1-1-g345015f (webtiles) character file.

682 kae the Insei (level 7, -6/69 HPs)
             Began as an Octopode Transmuter on June 3, 2018.
             Mangled by an ogre
             ... wielding a +0 giant spiked club
              (10 damage)
             ... on level 3 of the Dungeon.
             The game lasted 00:03:51 (4210 turns).

kae the Insei (Octopode Transmuter)                 Turns: 4210, Time: 00:03:52

Health: -6/69      AC: 23    Str:  9    XL:     7   Next: 61%
Magic:  0/12       EV:  2    Int: 20    God:
Gold:   94         SH:  0    Dex: 15    Spells: 6/12 levels left

rFire    + . .     SeeInvis .     - Unarmed
rCold    x . .     Gourm    .   (no shield)
rNeg     + + +     Faith    .   (helmet currently unavailable)
rPois    +         Spirit   +   m - amulet of guardian spirit
rElec    .         Reflect  .   n - ring of fire
rCorr    .         Harm     .   (no ring)
MR       .....     NoTele   +   (no ring)
Stlth    +.........             (no ring)
HPRegen  0.21/turn              (no ring)
MPRegen  0.13/turn              (no ring)
                                (no ring)
                                (no ring)

@: brilliant, lethally poisoned (-6 -> -9), tree-form, very slightly
contaminated, invisible
A: almost no armour, stealthy swim, (amphibious), 8 rings, (constrict 8)
a: no special abilities


You were on level 3 of the Dungeon.
You were not hungry.
You were a tree.
You visited 1 branch of the dungeon, and saw 3 of its levels.

You collected 94 gold pieces.

Inventory:

Missiles
 a - 52 arrows
Jewellery
 m - an amulet of guardian spirit (around neck)
 n - a ring of fire (left branch)
Wands
 l - a wand of polymorph (3)
 p - a wand of flame (20)
Scrolls
 g - a scroll of identify
 h - 6 scrolls of remove curse
 k - 2 scrolls of amnesia {unknown}
 r - a scroll of fog {unknown}
 s - a scroll of teleportation {unknown}
Potions
 f - a potion of flight
 i - 3 potions of mutation
Books
 b - a book of Changes

   Spells                             Type                      Level
   a - Beastly Appendage              Transmutation                1
   b - Sticks to Snakes               Transmutation                2
   c - Spider Form                    Transmutation/Poison         3
   d - Ice Form                       Ice/Transmutation            4
   e - Blade Hands                    Transmutation                5
Comestibles
 c - 2 rations


   Skills:
 + Level 3.0 Fighting
 + Level 3.5 Dodging
 * Level 5.3 Unarmed Combat
 + Level 3.3 Spellcasting
 * Level 4.6 Transmutations


You had 6 spell levels left.
You knew the following spells:

 Your Spells              Type           Power        Failure   Level  Hunger
a - Beastly Appendage     Tmut           ####..       1%          1    None
b - Sticks to Snakes      Tmut           ####....     1%          2    ##.....
c - Spider Form           Tmut/Pois      ###.......   1%          3    ###....


Dungeon Overview and Level Annotations

Branches:
Dungeon (3/15)

Altars:
Zin

Annotations:
D:3 Terence


Innate Abilities, Weirdness & Mutations

You cannot wear most types of armour.
You are very stealthy in the water. (Stealth+)
((You are amphibious.))
You can wear up to eight rings at the same time.
((You can use your tentacles to constrict eight enemies at once.))
((Your skin changes colour to match your surroundings (Stealth+).))
((Your rubbery body absorbs attacks. (AC +1, EV +1)))
((You are partially covered in yellow scales. (AC +2)))
((You are resistant to electric shocks. (rElec)))


Message History

You feel sick. The gnoll hits you but does no damage.
You are very lightly contaminated with residual magic.
Okay, then.
As you read the scroll labeled ISODUL VUCH, it crumbles to dust.
You feel blessed for a moment.
It was a scroll of remove curse.
The gnoll hits you with a whip.
* * * LOW HITPOINT WARNING * * *
You smack the gnoll!
The gnoll is almost dead.
* * * LOW HITPOINT WARNING * * *
You feel sick. The gnoll hits you but does no damage.
You hit the gnoll but do no damage.
The gnoll is almost dead.
You smack the gnoll!
You kill the gnoll!
* * * LOW HITPOINT WARNING * * *
You feel sick.
You hit the ogre but do no damage.
The ogre hits you with a giant spiked club!
You die...

.. #############..
......)'....#'#
####'###....#.#
#.)..#.# ##O###.#
#..♣...# #......#
###################.#
.#....#....)......#.#
)'....').))..))..)).#
.#...)#...........#'###
##')')#############...#
..................#...#
≈≈....≈≈≈≈≈≈≈≈≈≈≈≈#####


You could see an ogre.

Vanquished Creatures
  Sigmund (D:3)
  A gnoll shaman (D:3)
  Ijyb (D:3)
  Natasha (thrice) (D:3)
  30 gnolls (D:3)
  2 adders (D:2)
  2 oozes
  3 dart slugs
  2 leopard geckos (D:3)
  5 bats
  2 giant cockroaches
  7 hobgoblins
  9 jackals
  6 frilled lizards
  8 goblins
  5 kobolds
  6 rats
93 creatures vanquished.

Notes
Turn   | Place    | Note
-------+----------+-------------------------------------------
     0 | D:1      | kae the Octopode Transmuter began the quest for the Orb.
     0 | D:1      | Reached XP level 1. HP: 13/13 MP: 3/3
   554 | D:1      | Reached XP level 2. HP: 16/18 MP: 3/5
   916 | D:1      | Reached XP level 3. HP: 23/23 MP: 4/6
   920 | D:1      | Learned a level 2 spell: Sticks to Snakes
  1507 | D:2      | Reached XP level 4. HP: 17/28 MP: 7/7
  2157 | D:3      | Learned a level 3 spell: Spider Form
  2206 | D:3      | Noticed Natasha
  2214 | D:3      | Killed Natasha
  2289 | D:3      | Noticed Natasha
  2310 | D:3      | Killed Natasha
  2310 | D:3      | Reached skill level 4 in Unarmed Combat
  2310 | D:3      | Reached XP level 5. HP: 6/34 MP: 1/8
  2820 | D:3      | Noticed Ijyb
  2836 | D:3      | Killed Ijyb
  3100 | D:3      | Found a glowing silver altar of Zin.
  3147 | D:3      | Noticed Natasha
  3151 | D:3      | Noticed Terence
  3389 | D:3      | Reached XP level 6. HP: 24/39 MP: 5/10
  3393 | D:3      | Killed Natasha
  3395 | D:3      | Noticed Sigmund
  3557 | D:3      | Killed Sigmund
  3586 | D:3      | Reached XP level 7. HP: 45/45 MP: 8/11
  3678 | D:3      | Reached skill level 5 in Unarmed Combat
  3692 | D:3      | Gained mutation: You are partially covered in yellow scales. (AC +2) [potion of mutation]
  3692 | D:3      | Gained mutation: You are resistant to electric shocks. (rElec) [potion of mutation]
  4209 | D:3      | HP: 3/69 [poisoned by a gnoll]
  4210 | D:3      | Mangled by an ogre

Skill      XL: |  1  2  3  4  5  6  7 |
---------------+----------------------+-----
Transmutations | 3 4 |  4.6
Unarmed Combat | 4 5 |  5.3
Fighting       | 2 3 |  3.0
Dodging        | 3 |  3.5
Spellcasting   | 3 |  3.3

Action                   |  1- 3 |  4- 6 |  7- 9 || total
-------------------------+-------+-------+-------++-------
Melee: Unarmed           |    80 |    96 |    77 ||   253
       Constrict         |    21 |    11 |     6 ||    38
       Tentacles         |    10 |    12 |     9 ||    31
       Kick              |     9 |     4 |       ||    13
       Punch             |     1 |       |     1 ||     2
Throw: Throwing net      |       |       |     1 ||     1
 Cast: Beastly Appendage |    17 |     7 |       ||    24
       Spider Form       |       |     9 |     9 ||    18
  Use: Potion            |       |       |     7 ||     7
       Scroll            |       |       |     3 ||     3
 Stab: Sleeping          |     4 |     3 |       ||     7
  Eat: Chunk             |     1 |     9 |     3 ||    13
Armor: Skin              |     5 |     7 |     4 ||    16
Dodge: Dodged            |    59 |    56 |    61 ||   176
